 Dungeon Crawl Stone Soup version 0.29.1-1-gd02db6906a (webtiles) character file.

Game seed: 4295899950779308802

119 MisterFreud the Twirler (level 5, -4/38 HPs)
             Began as a Formicid Gladiator on Sept 29, 2022.
             Killed by divine providence
             ... invoked by an orc priest
              (12 damage)
             ... on level 3 of the Dungeon.
             The game lasted 00:03:45 (3057 turns).

MisterFreud the Twirler (Formicid Gladiator)        Turns: 3057, Time: 00:03:45

Health: -4/38      AC:  3    Str: 20    XL:     5   Next: 24%
Magic:  5/5        EV: 12    Int:  8    God:
Gold:   73         SH:  0    Dex: 15    Spells: 4/4 levels left

rFire   . . .      SeeInvis +   a - +0 quarterstaff
rCold   . . .      Faith    .   (no shield)
rNeg    . . .      Spirit   .   b - +0 leather armour
rPois   .          Reflect  .   (helmet unavailable)
rElec   .          Harm     .   (no cloak)
rCorr   .          Rampage  .   (no gloves)
Will    .....                   (no boots)
Stlth   +.........              (no amulet)
HPRegen 0.12/turn               (no ring)
MPRegen 0.09/turn               (no ring)

@: no status effects
A: permanent stasis, dig shafts and tunnels, antennae 3, four strong arms
a: Dig, Shaft Self


You were on level 3 of the Dungeon.
You visited 1 branch of the dungeon, and saw 3 of its levels.

You collected 73 gold pieces.

Inventory:

Hand Weapons
 a - a +0 quarterstaff (weapon)
Missiles
 c - 3 throwing nets (quivered)
 d - a javelin
Armour
 b - a +0 leather armour (worn)
Potions
 e - a potion of curing
 g - a potion of brilliance
 j - a potion of mutation {unknown}


   Skills:
 - Level 2.2 Fighting
 + Level 5.5 Staves
 - Level 2.0 Throwing
 - Level 2.7 Dodging


You had 4 spell levels left.
You didn't know any spells.
Your spell library contained the following spells:

 Spells                   Type           Power      Damage    Failure   Level
 Summon Ice Beast         Ice/Summ       0%         N/A       99%         4
 Summon Mana Viper        Hex/Summ       0%         N/A       100%        5
 Monstrous Menagerie      Summ           0%         N/A       100%        7


Dungeon Overview and Level Annotations

Branches:
Dungeon (3/15)

Altars:

Shops:
D:1 ?((*


Innate Abilities, Weirdness & Mutations

You cannot be hasted, slowed, berserked, paralysed or teleported.
You can dig through walls and to a lower floor.
You have a pair of large antennae on your head. (SInv)
Your four strong arms can wield two-handed weapons with a shield.


Message History

You barely miss the orc priest.
The orc priest is moderately wounded.
The orc priest calls down the wrath of Beogh upon you.
Beogh smites you!
You barely miss the orc priest.
The orc priest is moderately wounded.
The orc priest hits you with a +0 club.
* * * LOW HITPOINT WARNING * * *
Okay, then.
Unknown command.
You barely miss the orc priest.
The orc priest is moderately wounded.
The orc priest hits you but does no damage.
Unknown command.
You sock the orc priest!
The orc priest is severely wounded.
Unknown command.
You hit the orc.
The orc is severely wounded.
You closely miss the orc. You punch the orc, but do no damage.
The orc is severely wounded.
The orc hits you but does no damage.
You hit the orc.
You kill the orc!
You feel better. The orc hits you with a +0 mace.
You hit the orc.
The orc is heavily wounded.
The orc hits you but does no damage.
You hit the orc.
The orc is heavily wounded.
The orc hits you with a +0 mace.
* * * LOW HITPOINT WARNING * * *
You hit the orc but do no damage.
The orc is heavily wounded.
The orc barely misses you.
You sock the orc!
You kill the orc!
The orc priest mumbles some strange prayers to Beogh against you.
Beogh smites you!
You die...

## # ......## ...#.#...... #
...#.#.....#. ..........
#.#.#..# #......##.#
#..o./....# ###)#######
#@#### #. #....# ##.#
####.###### .....
####........... # .....
#....##.##..####.####
.....###.#..##.##..#.<......
...#..#..
#...).......##.####
........#####.##.#..### #
)#<..#..........


You could see an orc priest.

Vanquished Creatures
  2 orc wizards
  2 adders (D:2)
  A worm (D:2)
  2 dart slugs
  2 orcs (D:3)
  3 bats
  5 endoplasms
  A goblin (D:2)
  7 hobgoblins
  4 jackals (D:2)
  3 kobolds
  A quokka (D:1)
  6 ball pythons
  2 frilled lizards (D:1)
  8 rats
49 creatures vanquished.

Vanquished Creatures (others)
  A plant (D:1)
1 creature vanquished.

Grand Total: 50 creatures vanquished

Notes
Turn   | Place    | Note
-------+----------+-------------------------------------------
     0 | D:1      | MisterFreud the Formicid Gladiator began the quest for the
                  | Orb.
     0 | D:1      | Reached XP level 1. HP: 16/16 MP: 1/1
   285 | D:1      | Found Qysoedwo's Weapon Boutique.
   294 | D:1      | Found Wutu's Antique Weapon Shoppe.
   366 | D:1      | Found Nacemepa's Assorted Antiques.
   378 | D:1      | Reached XP level 2. HP: 22/22 MP: 2/2
   940 | D:1      | Found Wefoirph's Magic Scroll Shoppe.
  1118 | D:2      | Reached XP level 3. HP: 27/27 MP: 3/3
  1196 | D:2      | Found a faded altar of an unknown god.
  1202 | D:2      | Reached skill level 4 in Staves
  2005 | D:2      | Reached XP level 4. HP: 27/33 MP: 4/4
  2776 | D:2      | Reached skill level 5 in Staves
  3007 | D:3      | Reached XP level 5. HP: 35/38 MP: 5/5
  3057 | D:3      | Killed from afar by an orc priest

Illustrated notes

Levels and vault maps discovered:
D:1:      wheals_arrival_shading, layout_loops_ring, serial_shops, shop,
          nicolae_shop_stone, nicolae_shop_behind_doors,
          nicolae_shop_behind_doors, serial_forest, infiniplex_forest_fountain,
          infiniplex_forest_lined_2, infiniplex_forest_end_1,
          infiniplex_forest_straight_2, infiniplex_forest_corner_2,
          infiniplex_forest_corner_1, infiniplex_forest_straight_4,
          infiniplex_forest_lined_1, infiniplex_forest_clump_medium
D:2:      layout_loops_ring, dreamdust_ecumenical_altar_angels_and_demons
D:3:      minmay_chambers_of_threes, layout_loops_cross,
          mainiacjoe_overflow_tiny_flanked, uniq_terence

Skill      XL: |  1  2  3  4 |
---------------+-------------+-----
Staves         | 4 5 |  5.5
Fighting       | |  2.2
Throwing       | |  2.0
Dodging        | |  2.7

Action                   |  1- 3 |  4- 6 || total
-------------------------+-------+-------++-------
Melee: Quarterstaff      |   100 |    58 ||   158
       Punch             |     1 |     2 ||     3
  Use: Potion            |     1 |     2 ||     3
       Scroll            |       |     4 ||     4
 Stab: Sleeping          |     1 |     1 ||     2
       Distracted        |       |     1 ||     1
Armor: Leather armour    |    17 |    12 ||    29
Dodge: Dodged            |    55 |    31 ||    86
